 Dungeon Crawl Stone Soup version 0.26-a0-708-g17f3b19 (webtiles) character file.

Game seed: 4324898731648216298

78 BarneyGumball the Sneak (level 4, -5/21 HPs)
             Began as a Felid Fighter on Oct 27, 2020.
             Slain by a mummy (16 damage)
             ... in an ossuary.
             The game lasted 00:07:10 (1628 turns).

BarneyGumball the Sneak (Felid Fighter)             Turns: 1628, Time: 00:07:11

Health: -5/21      AC:  1    Str: 13    XL:     4   Next: 15%
Magic:  5/5        EV: 19    Int:  9    God:
Gold:   159        SH:  0    Dex: 15    Spells: 3/3 levels left
                                        Lives:  0   Deaths: 1

rFire    . . .     SeeInvis +     - Unarmed
rCold    . . .     Faith    .   (shield unavailable)
rNeg     . . .     Spirit   .   (armour unavailable)
rPois    .         Reflect  .   (helmet unavailable)
rElec    .         Harm     .   (cloak unavailable)
rCorr    .         Rampage  .   (gloves unavailable)
MR       .....                  (boots unavailable)
Stlth    +++.......             (no amulet)
HPRegen  0.07/turn              (no ring)
MPRegen  0.09/turn              (no ring)

@: quick
A: very small, no armour, no weapons or thrown items, stealth, claws 1, fangs 3,
see invisible, speed 1, shaggy fur 1, sharp paws
a: no special abilities


You were in an ossuary.
You visited 1 branch of the dungeon, and saw 4 of its levels.
You also visited: Ossuary.

You collected 159 gold pieces.

Inventory:

Wands
 e - a wand of flame (12)
Scrolls
 b - 3 scrolls of remove curse
 d - 3 scrolls of identify
 h - a scroll of fog {unknown}
Potions
 a - 3 potions of might
 c - a potion of curing
 f - 2 potions of lignification {unknown}
 g - a potion of heal wounds
 i - a potion of brilliance {unknown}


   Skills:
 - Level 3.0 Fighting
 - Level 4.0 Dodging
 * Level 5.3 Stealth
 + Level 4.8 Unarmed Combat


You had 3 spell levels left.
You didn't know any spells.
Your spell library was empty.

Dungeon Overview and Level Annotations

Branches:
Dungeon (4/15)            Ossuary (1/1)
 Temple: D:4-7

Altars:
Vehumet


Innate Abilities, Weirdness & Mutations

You cannot wear armour.
You are incapable of wielding weapons or throwing items.
Your paws allow you to move quietly. (Stealth)
You have sharp claws.
You have razor-sharp teeth.
You have supernaturally acute eyesight. (SInv)
You cover ground quickly.
You are covered in fur. (AC +1)
Your sharp claws are effective at attacking unaware monsters.


Message History

You scratch the mummy. You claw the mummy.
You destroy the mummy!
Your Stealth skill increases to level 5!
You claw the mummy! You bite the mummy, but do no damage.
The mummy is moderately damaged.
You scratch the mummy but do no damage.
The mummy is moderately damaged.
You scratch the mummy. You bite the mummy.
The mummy is severely damaged.
The mummy completely misses you.
You claw the mummy!
You destroy the mummy!
Welcome back to level 4!
You claw the mummy!
The mummy is heavily damaged.
You claw the mummy!
The mummy is severely damaged.
The mummy completely misses you. The mummy hits you!
Ouch! That really hurt!
You die...

##.....M ##......
## #...... ..#
#.....##....
#....M...........
#.............Z.
#.............
#M##........#
##M@##Z.....#
##....##M...#
##......#.M..#
#..?....#....#
#.......#ZM..#
#.......#ZMM.#
##......#M†..#
#.....##....#
##.?..##....#


You could see 2 mummies.

Vanquished Creatures
  A worker ant (D:4)
  3 mummies (Ossuary)
  2 adders (D:2)
  An ooze (D:1)
  A dart slug (D:1)
  A leopard gecko (D:1)
  An orc (D:4)
  A ball python (D:1)
  2 giant cockroaches
  4 goblins
  5 hobgoblins
  2 jackals (D:1)
  6 bats
  A gnoll zombie (Ossuary)
  A hobgoblin zombie (Ossuary)
  A kobold (D:1)
  3 orc zombies (Ossuary)
  9 rats
45 creatures vanquished.

Notes
Turn   | Place    | Note
-------+----------+-------------------------------------------
     0 | D:1      | BarneyGumball the Felid Fighter began the quest for the
                  | Orb.
     0 | D:1      | Reached XP level 1. HP: 10/10 MP: 2/2
    31 | D:1      | Reached skill level 1 in Stealth
    44 | D:1      | Reached XP level 2. HP: 12/14 MP: 3/3
    99 | D:1      | Reached skill level 2 in Stealth
   459 | D:1      | Reached skill level 3 in Stealth
   623 | D:1      | Reached XP level 3. HP: 17/17 MP: 4/4
  1116 | D:2      | Found a radiant altar of Vehumet.
  1265 | D:2      | Reached skill level 4 in Stealth
  1477 | D:4      | Reached XP level 4. HP: 21/21 MP: 5/5
  1523 | D:4      | Found a sand-covered staircase.
  1531 | Ossuary  | Entered an ossuary
  1558 | Ossuary  | Slain by a mummy
  1559 | Ossuary  | Reached XP level 3. HP: -3/17 MP: 4/4
  1621 | Ossuary  | Reached skill level 5 in Stealth
  1626 | Ossuary  | Reached XP level 4. HP: 11/21 MP: 5/5
  1628 | Ossuary  | Slain by a mummy

Illustrated notes

Levels and vault maps discovered:
D:1:      onia_arrival_handbag, layout_rooms
D:2:      layout_basic, lemuel_crystal_altar
D:3:      layout_basic, uniq_natasha
D:4:      layout_basic, nicolae_ossuary_entry_plus, kennysheep_generic_room_8,
          uniq_grinder
Ossuary:  ossuary_tomb_3

Skill      XL: |  1  2  3 |
---------------+----------+-----
Stealth        | 1 3 5 |  5.3
Fighting       | |  3.0
Dodging        | |  4.0
Unarmed Combat | |  4.8

Action                   |  1- 3 |  4- 6 || total
-------------------------+-------+-------++-------
Melee: Unarmed           |   121 |    20 ||   141
       Bite              |     8 |     4 ||    12
       Punch             |     3 |       ||     3
  Use: Scroll            |     4 |       ||     4
       Potion            |     2 |       ||     2
 Stab: Sleeping          |     9 |       ||     9
Armor: Skin              |     2 |     2 ||     4
Dodge: Dodged            |    94 |    18 ||   112

Table legend: (Time is in decaauts)
 A = Elapsed time spent in this place.
 B = Non-inter-level travel time spent in this place.
 C = Inter-level travel time spent in this place.
 D = Time resting spent in this place.
 E = Time spent auto-exploring this place.
 F = Levels seen in this place.
 G = Mean time per level.
                   A        B        C        D        E       F      G
               +--------+--------+--------+--------+--------+-----+--------+
         Total |   1457 |   1422 |     35 |    417 |    554 |   5 |  291.4 |
       Dungeon |   1371 |   1336 |     35 |    417 |    553 |   4 |  342.8 |
       Ossuary |     85 |     85 |      0 |      0 |      0 |   1 |   85.0 |
               +--------+--------+--------+--------+--------+-----+--------+

Top non-repeatable levels by time:
     D:1: 678 daAuts
     D:2: 455 daAuts
     D:3: 124 daAuts
     D:4: 113 daAuts
 Ossuary: 85 daAuts
